 Dungeon Crawl Stone Soup version 0.30-a0-358-g0d69a1922f (webtiles) character file.

Game seed: 5748775082087069445

345 Maxmaps the Ogre Mage (level 6, 0/54 HPs)
             Began as an Ogre Conjurer on Nov 8, 2022.
             Slain by Pikel
             ... wielding a +1 whip of flaming
              (6 damage)
             ... on level 4 of the Dungeon.
             The game lasted 00:07:39 (3965 turns).

Maxmaps the Ogre Mage (Ogre Conjurer)               Turns: 3965, Time: 00:07:40

Health: 0/54       AC:  3    Str: 12    XL:     6   Next: 58%
Magic:  13/16      EV:  9    Int: 21    God:
Gold:   220        SH:  0    Dex:  7    Spells: 13/19 levels left

rFire   . . .      SeeInvis .    s - +0 dagger (venom)
rCold   . . .      Faith    .    (no shield)
rNeg    . . .      Spirit   .    a - +0 robe
rPois   .          Reflect  .    (helmet restricted)
rElec   .          Harm     .    (no cloak)
rCorr   .          Rampage  .    (gloves unavailable)
Will    .....                    (boots unavailable)
Stlth   +.........               (no amulet)
HPRegen 0.29/turn                (no ring)
MPRegen 0.15/turn                (no ring)

@: no status effects
A: large, unfitting armour, tough skin 1
a: no special abilities


You were on level 4 of the Dungeon.
You visited 1 branch of the dungeon, and saw 4 of its levels.

You collected 220 gold pieces.

Inventory:

Hand Weapons
 s - a +0 dagger of venom (weapon)
Armour
 a - a +0 robe (worn)
Scrolls
 g - a scroll of vulnerability {unknown}
 j - a scroll of blinking {unknown}
 l - 2 scrolls of teleportation {unknown}
 n - a scroll of poison {unknown}
 o - 2 scrolls of identify {unknown}
Potions
 b - a potion of magic
 c - 3 potions of brilliance {unknown}
 d - 2 potions of heal wounds {unknown}
 e - a potion of resistance {unknown}
 f - a potion of might {unknown}
 h - 2 potions of haste {unknown}
 i - a potion of berserk rage {unknown}
 m - a potion of curing {unknown}
 p - 2 potions of attraction {unknown}
 q - a potion of cancellation {unknown}
 r - a potion of mutation {unknown}


   Skills:
 + Level 0.5 Fighting
 - Level 1.7 Dodging
 - Level 1.4 Stealth
 - Level 7.1 Spellcasting
 - Level 4.0 Conjurations


You had 13 spell levels left.
You knew the following spells:

 Your Spells              Type           Power      Damage    Failure   Level
a - Magic Dart            Conj           96%        1d7       1%          1
b - Searing Ray           Conj           48%        2d6       2%          2
c - Dazzling Flash        Conj/Hex       32%        N/A       11%         3

Your spell library contained the following spells:

 Spells                   Type           Power      Damage    Failure   Level
 Momentum Strike          Conj/Tloc      32%        3d8       5%          2
 Necrotise                Necr           28%        1d5       9%          1
 Blink                    Tloc           14%        N/A       13%         2
 Frozen Ramparts          Ice            14%        1d3       26%         3
 Lesser Beckoning         Tloc           14%        N/A       26%         3
 Vampiric Draining        Necr           7%         2d6       26%         3
 Fulminant Prism          Conj/Hex       8%         3d7       36%         4
 Iskenderun's Mystic Bla  Conj/Tloc      16%        2d5       36%         4
 Agony                    Necr           7%         N/A       94%         5
 Borgnjor's Vile Clutch   Necr/Erth      3%         N/A       94%         5
 Metabolic Englaciation   Hex/Ice        3%         N/A       94%         5


Dungeon Overview and Level Annotations

Branches:
Dungeon (4/15)
 Temple: D:4-7

Altars:
Ashenzari
Dithmenos
Sif Muna
Trog

Shops:
D:1 [

Annotations:
D:4 Pikel


Innate Abilities, Weirdness & Mutations

You are too large for most types of armour.
You have tough skin. (AC +1)


Message History

Pikel hits you with a +1 whip of flaming.
Pikel burns you.
You hit Pikel but do no damage.
Pikel looks as sick as possible!
Pikel is lightly wounded.
Pikel hits you with a +1 whip of flaming!
Pikel burns you.
You hit Pikel but do no damage.
Pikel is lightly wounded.
Pikel hits you with a +1 whip of flaming.
Pikel burns you.
You closely miss Pikel.
Pikel is lightly wounded.
Pikel hits you with a +1 whip of flaming!
* * * LOW HITPOINT WARNING * * *
Pikel burns you.
* * * LOW HITPOINT WARNING * * *
You barely miss Pikel.
Pikel is moderately wounded.
Pikel closely misses you.
Casting: Magic Dart (safe; 1% risk of failure)
Confirm with . or Enter, or press ? or * to list all spells.
Aiming: Searing Ray (safe; 2% risk of failure)
Press: ? - help, Shift-Dir - straight line, f - Pikel
Aim: Pikel, wielding a +1 whip of flaming and wearing a +0 robe (heavily wounded, very poisoned, 74% to hit)
The searing ray hits Pikel.
Pikel is heavily wounded.
The searing ray misses the lemure. (Press . to maintain the ray.) Pikel hits you with a +1 whip of flaming.
* * * LOW HITPOINT WARNING * * *
Pikel burns you.
* * * LOW HITPOINT WARNING * * *
The searing ray hits Pikel but does no damage.
Pikel is severely wounded.
The searing ray hits the lemure.
The lemure is severely wounded.
The searing ray hits the lemure.
The lemure is moderately wounded.
Pikel hits you with a +1 whip of flaming.
You die...

###### #....# #....#
#....# #....####
#....5.5#
#.....##5#####
..5......##.K...#
...#.....##..@..#
.....###.###....######
..... ..........##..#
...# .###.........[#
... .
##.........#########
.......#.......<....#
####...#......)....##
#.#.......).......
#.)......[........


You could see Pikel (very poisoned) and 3 lemures.

Vanquished Creatures
  An orc priest (D:4)
  A gnoll bouda (D:3)
  Natasha (thrice) (D:3)
  2 orc wizards
  3 gnolls
  4 adders
  5 worms
  3 dart slugs
  7 orcs
  6 ball pythons
  6 bats
  2 endoplasms (D:2)
  A giant cockroach (D:1)
  6 hobgoblins
  7 kobolds
  6 quokkas
  5 frilled lizards
  7 goblins
  3 rats
78 creatures vanquished.

Vanquished Creatures (others)
  16 plants (D:3)
16 creatures vanquished.

Grand Total: 94 creatures vanquished

Notes
Turn   | Place    | Note
-------+----------+-------------------------------------------
     0 | D:1      | Maxmaps the Ogre Conjurer began the quest for the Orb.
     0 | D:1      | Reached XP level 1. HP: 16/16 MP: 3/3
   218 | D:1      | Upgraded the game from 0.30-a0-354-g6b83867211 to
                  | 0.30-a0-358-g0d69a1922f
   317 | D:1      | Found Xovvoha's Antique Armour Shoppe.
   462 | D:1      | Reached skill level 3 in Spellcasting
   496 | D:1      | Reached XP level 2. HP: 20/24 MP: 3/6
   804 | D:1      | Reached XP level 3. HP: 31/31 MP: 1/8
   900 | D:1      | Reached skill level 4 in Spellcasting
  1289 | D:2      | Found a shimmering blue altar of Sif Muna.
  1411 | D:2      | Learned a level 2 spell: Searing Ray
  1949 | D:2      | Reached XP level 4. HP: 39/39 MP: 8/10
  2286 | D:3      | Reached skill level 5 in Spellcasting
  2346 | D:3      | Found a shadowy altar of Dithmenos.
  2364 | D:3      | Found a broken altar of Ashenzari.
  2364 | D:3      | Found a bloodstained altar of Trog.
  2448 | D:3      | Got the Essays on the Blizzard and Silt
  3037 | D:4      | Noticed Natasha
  3043 | D:3      | Reached XP level 5. HP: 39/45 MP: 8/13
  3086 | D:3      | Killed Natasha
  3087 | D:3      | Reached skill level 6 in Spellcasting
  3127 | D:3      | Noticed Natasha
  3133 | D:3      | Killed Natasha
  3160 | D:3      | Noticed Natasha
  3168 | D:3      | Killed Natasha
  3254 | D:3      | Reached XP level 6. HP: 7/53 MP: 1/15
  3514 | D:4      | Reached skill level 7 in Spellcasting
  3784 | D:3      | Learned a level 3 spell: Dazzling Flash
  3936 | D:4      | Noticed Pikel
  3965 | D:4      | Slain by Pikel

Illustrated notes

Levels and vault maps discovered:
D:1:      lightli_arrival_farm, layout_basic, serial_shops, shop
D:2:      layout_basic, basic_altar
D:3:      layout_basic, mainiacjoe_overflow_24_doors,
          gammafunk_temple_overflow_pools, serial_bayou_lagoon_a,
          minmay_misc_feat_plants
D:4:      layout_rooms, minmay_overflow_temple_star_quad, minmay_manual_mail,
          uniq_natasha, uniq_crazy_yiuf_cottage, uniq_pikel

Skill      XL: |  1  2  3  4  5  6 |
---------------+-------------------+-----
Spellcasting   | 3 4 5 6 7 |  7.1
Conjurations   | 4 |  4.0
Fighting       | |  0.5
Dodging        | |  1.7
Stealth        | |  1.4

Action                   |  1- 3 |  4- 6 || total
-------------------------+-------+-------++-------
Melee: Short sword       |    55 |     4 ||    59
       Punch             |     1 |     1 ||     2
       Dagger            |       |    23 ||    23
 Cast: Magic Dart        |    79 |    79 ||   158
       Searing Ray       |       |    12 ||    12
       Dazzling Flash    |       |     3 ||     3
Armor: Robe              |    15 |    11 ||    26
Dodge: Dodged            |    18 |    34 ||    52

Table legend: (Time is in decaauts)
 A = Elapsed time spent in this place.
 B = Non-inter-level travel time spent in this place.
 C = Inter-level travel time spent in this place.
 D = Time resting spent in this place.
 E = Time spent auto-exploring this place.
 F = Levels seen in this place.
 G = Mean time per level.
                   A        B        C        D        E       F      G
               +--------+--------+--------+--------+--------+-----+--------+
         Total |   3994 |   3901 |     93 |   1138 |   2160 |   4 |  998.5 |
       Dungeon |   3994 |   3901 |     93 |   1138 |   2160 |   4 |  998.5 |
               +--------+--------+--------+--------+--------+-----+--------+

Top non-repeatable levels by time:
     D:3: 1637 daAuts
     D:1: 1270 daAuts
     D:2: 906 daAuts
     D:4: 179 daAuts
